[Event "Titled Tuesday Blitz February 21 Late 2023"]
[White "Kravtsiv, Martyn"]
[Black "Paravyan, David"]
[WhiteFideId "14113147"]
[BlackFideId "4194985"]
[WhiteElo "2598"]
[BlackElo "2601"]
[Result "1/2-1/2"]
[Round "06"]
[TimeControl "180+2"]
[Date "2023.02.21"]
[WhiteClock "0:00:49"]
[BlackClock "0:00:41"]

1. e4 e5 2. Nf3 Nf6 3. Nc3 Nc6 4. a4 d5 5. exd5 Nxd5 6. Bb5 Bg4 7. O-O Nxc3 8. bxc3 Qd5 9. c4 Qe4 10. d3 Bxf3 11. dxe4 Bxd1 12. Rxd1 Bc5 13. Bb2 f6 14. Rd5 Be7 15. Bc3 a6 16. Bxc6+ bxc6 17. Rd3 Rb8 18. Kf1 Kf7 19. Ke2 Ke6 20. Rdd1 Rhd8 21. Rxd8 Bxd8 22. Rd1 Be7 23. f3 Bc5 24. g3 g6 25. f4 exf4 26. gxf4 f5 27. exf5+ Kxf5 28. Rd7 Re8+ 29. Be5 Bd6 30. Rxh7 Bxe5 31. fxe5 Kxe5 32. Kd3 Kd6 33. Rg7 Re6 34. Kd4 c5+ 35. Kd3 Kc6 36. a5 Kd6 37. Kd2 Kc6 38. Kd3 Kd6 39. Kd2 Kc6 40. Kd3 1/2-1/2


[Site "https://www.chess.com"]

[Event "Titled Tuesday Blitz February 21 Late 2023"]
[White "Tabatabaei, M. Amin"]
[Black "Naroditsky, Daniel"]
[WhiteFideId "12521213"]
[BlackFideId "2026961"]
[WhiteElo "2677"]
[BlackElo "2618"]
[Result "1-0"]
[Round "06"]
[TimeControl "180+2"]
[Date "2023.02.21"]
[WhiteClock "0:00:09"]
[BlackClock "0:00:05"]

1. d4 Nf6 2. c4 g6 3. Nc3 Bg7 4. e4 d6 5. Be2 O-O 6. Be3 Nc6 7. d5 Ne5 8. f4 Neg4 9. Bd2 Nh6 10. Nf3 c6 11. a4 cxd5 12. cxd5 e6 13. dxe6 Bxe6 14. O-O d5 15. e5 Qb6+ 16. Kh1 Ne4 17. a5 Nf2+ 18. Kg1 Nh3+ 19. Kh1 Nf2+ 20. Kg1 Nxd1+ 21. axb6 Nxc3 22. Bxc3 axb6 23. Nd4 Rfc8 24. h3 Nf5 25. Nxf5 Bxf5 26. Bf3 Be4 27. Bxe4 dxe4 28. Rxa8 Rxa8 29. Re1 Ra4 30. Rd1 Kf8 31. Rd7 e3 32. g3 Ke8 33. Rxb7 g5 34. f5 Re4 35. Rb8+ Kd7 36. f6 Bh6 37. Rb7+ Ke6 38. Re7+ Kf5 39. Rxf7 e2 40. Kf2 e1=Q+ 41. Bxe1 Rxe5 42. Bc3 Re6 43. Rxh7 Kg6 44. Rb7 Bf8 45. Kf3 Bc5 46. Rg7+ Kh6 47. Rd7 Kg6 48. Rd3 b5 49. Rd5 Re3+ 50. Kg2 Re2+ 51. Kf1 Rf2+ 52. Ke1 Be3 53. Re5 Ba7 54. Rxb5 Rf3 55. h4 gxh4 56. gxh4 Rh3 57. h5+ Rxh5 58. Rxh5 Kxh5 59. Ke2 Kg6 60. Kd3 Kf7 61. Kc4 Ke6 62. Kb5 Be3 63. Kc6 Bf4 64. b4 Bg3 65. b5 Bb8 66. b6 Bf4 67. b7 Bb8 68. Bd4 Bg3 69. Bb6 Bb8 70. Bc7 Ba7 71. Be5 Kf7 72. Kd7 Kg6 73. Ke6 Kh7 74. b8=Q Bxb8 75. Bxb8 Kg8 76. f7+ Kf8 77. Bd6+ Kg7 78. f8=Q+ Kh7 79. Qf7+ 1-0


[Site "https://www.chess.com"]

[Event "Titled Tuesday Blitz February 21 Late 2023"]
[White "Kamsky, Gata"]
[Black "Andreikin, Dmitry"]
[WhiteFideId "2000024"]
[BlackFideId "4158814"]
[WhiteElo "2665"]
[BlackElo "2729"]
[Result "1/2-1/2"]
[Round "06"]
[TimeControl "180+2"]
[Date "2023.02.21"]
[WhiteClock "0:00:11"]
[BlackClock "0:00:04"]

1. e4 e6 2. d4 d5 3. Nc3 Bb4 4. e5 c5 5. a3 Bxc3+ 6. bxc3 Qa5 7. Bd2 Qa4 8. Qb1 c4 9. Ne2 Nc6 10. Nf4 Nge7 11. Nh5 Rg8 12. Be2 Bd7 13. O-O O-O-O 14. Re1 Rdf8 15. Bg4 Kb8 16. Re3 Ka8 17. Qb2 Ng6 18. Rae1 Nce7 19. Rh3 h6 20. Nxg7 Rxg7 21. Bxh6 Rfg8 22. Bxg7 Rxg7 23. Rg3 Rh7 24. Rh3 Rg7 25. Rg3 a6 26. Qc1 Qa5 27. Bh5 Rh7 28. Bxg6 Nxg6 29. Ree3 Be8 30. Rh3 Rg7 31. Reg3 Ka7 32. Rh8 Ba4 33. h4 Nxh8 34. Rxg7 Qxc3 35. Qh6 Qxc2 36. Qxh8 Qc1+ 37. Kh2 Qf4+ 38. Rg3 c3 39. Qf6 Qxd4 40. h5 c2 41. Qg5 Qd1 42. Rc3 d4 43. Rc7 Kb6 44. Qd8 Qxh5+ 45. Kg1 Qd1+ 46. Kh2 Ka7 47. Rc8 Qh5+ 48. Kg1 Qd1+ 49. Kh2 Qh5+ 50. Kg1 Qd1+ 51. Kh2 1/2-1/2


[Site "https://www.chess.com"]

[Event "Titled Tuesday Blitz February 21 Late 2023"]
[White "Gokerkan, Cem Kaan"]
[Black "Tang, Andrew"]
[WhiteFideId "6336760"]
[BlackFideId "2059630"]
[WhiteElo "2500"]
[BlackElo "2523"]
[Result "1-0"]
[Round "06"]
[TimeControl "180+2"]
[Date "2023.02.21"]
[WhiteClock "0:00:17"]
[BlackClock "0:00:12"]

1. e4 e5 2. Nf3 Nc6 3. Bc4 Nf6 4. Ng5 d5 5. exd5 Na5 6. Bb5+ c6 7. dxc6 bxc6 8. Bd3 Nd5 9. Nf3 Bd6 10. O-O Nf4 11. Re1 Nxd3 12. cxd3 O-O 13. Nc3 c5 14. b3 Nc6 15. Ne4 Be7 16. Ba3 Bg4 17. h3 Bh5 18. Bxc5 Bxc5 19. Nxc5 Qd5 20. Ne4 Rad8 21. Rc1 Nb4 22. g4 Bg6 23. Rc5 Qxd3 24. Re3 Qa6 25. Nxe5 Nd5 26. Re1 Nf4 27. Qf3 Ne6 28. Rc4 Qxa2 29. Nc6 Rd7 30. Nc5 Nxc5 31. Rxc5 Qxd2 32. Qe3 Qd6 33. Ne7+ Kh8 34. Rd5 Qc7 35. Qc5 Qxc5 36. Rxc5 h6 37. Rce5 Kh7 38. R1e3 Rb8 39. Kg2 Rb6 40. Nd5 Rbd6 41. Nf4 f6 42. Re6 Bf7 43. Rxd6 Rxd6 44. Re7 Bxb3 45. Nh5 a5 46. Rxg7+ Kh8 47. Ra7 a4 48. Kg3 Rd3+ 49. Kf4 Rxh3 50. Nxf6 Bg8 51. Ra8 Kg7 52. Nxg8 a3 53. f3 a2 54. Ne7 Rh2 55. Nf5+ Kg6 56. Ra6+ Kh7 57. Ng3 Rb2 58. Ne4 Kg7 59. Ra7+ Kg6 60. Ra6+ Kg7 61. Nc3 Rb4+ 62. Kg3 h5 63. gxh5 Rc4 64. Nxa2 Rc5 65. h6+ Kh7 66. Nb4 Rg5+ 67. Kf4 Rb5 68. Nd3 Rb3 69. Ne5 Rb4+ 70. Kf5 Rb7 71. Ng4 Rb5+ 72. Kf4 Rb4+ 73. Kg5 Rb7 74. Nf6+ Kh8 75. Ra8+ Rb8 76. Rxb8# 1-0


[Site "https://www.chess.com"]

[Event "Titled Tuesday Blitz February 21 Late 2023"]
[White "Bortnyk, Mykola"]
[Black "Vakhlamov, Igor L."]
[WhiteFideId "14120836"]
[BlackFideId "24126748"]
[WhiteElo "2425"]
[BlackElo "2413"]
[Result "1/2-1/2"]
[Round "06"]
[TimeControl "180+2"]
[Date "2023.02.21"]
[WhiteClock "0:00:03"]
[BlackClock "0:00:03"]

1. e4 c5 2. c3 g6 3. d4 cxd4 4. cxd4 Bg7 5. Nc3 d6 6. Nf3 Nf6 7. h3 O-O 8. Be2 Nc6 9. O-O a6 10. Be3 b5 11. d5 Ne5 12. Nxe5 dxe5 13. f3 Bb7 14. a4 b4 15. Na2 a5 16. Nc1 Ne8 17. Nb3 Ba6 18. Bxa6 Rxa6 19. Qd3 Ra8 20. Rfc1 Nd6 21. Rc6 h5 22. Bb6 Qd7 23. Nxa5 Rfc8 24. Rxc8+ Nxc8 25. Nc4 Rxa4 26. Rc1 Nxb6 27. Nxb6 Qa7 28. Qe3 Ra1 29. Rxa1 Qxa1+ 30. Kh2 Qxb2 31. Nc8 Bf6 32. Qc5 Bg5 33. Nxe7+ Kg7 34. d6 Bf4+ 35. Kh1 Qb1+ 36. Qg1 Qxg1+ 37. Kxg1 Bg5 38. Kf2 b3 39. Nd5 b2 40. Nc3 Kf8 41. Ke2 Ke8 42. Kd3 Kd7 43. Kc2 Bc1 44. Nb5 Ke6 45. h4 f5 46. Kb1 Kd7 47. Kc2 Kc6 48. Kb1 Be3 49. Na3 Kxd6 50. Nc4+ Kc5 51. Nxe3 fxe4 52. fxe4 Kd4 53. Nf1 Kxe4 54. Kc2 Kf4 55. Kxb2 Kg4 56. Kc2 Kxh4 57. Kd2 Kg4 58. Ke2 h4 59. Kf2 g5 60. Ne3+ Kf4 61. Nd5+ Kg4 62. Nc3 Kf4 63. Ne2+ Kg4 64. Ng1 Kf4 65. Nf3 e4 66. Nd4 e3+ 67. Kf1 g4 68. Ne2+ Ke4 69. Nc3+ Kf4 70. Ne2+ Ke4 71. Ng1 Kf4 72. Ne2+ 1/2-1/2


[Site "https://www.chess.com"]

[Event "Titled Tuesday Blitz February 21 Late 2023"]
[White "Vasquez Schroeder, Rodrigo"]
[Black "Nihal Sarin"]
[WhiteFideId "3400042"]
[BlackFideId "25092340"]
[WhiteElo "2524"]
[BlackElo "2673"]
[Result "1-0"]
[Round "06"]
[TimeControl "180+2"]
[Date "2023.02.21"]
[WhiteClock "0:00:19"]
[BlackClock "0:00:01"]

1. d4 Nf6 2. c4 g6 3. g3 c6 4. Bg2 d5 5. cxd5 cxd5 6. Nf3 Bg7 7. O-O O-O 8. Ne5 e6 9. Nc3 Nfd7 10. f4 Nc6 11. Be3 Ndxe5 12. fxe5 f6 13. exf6 Bxf6 14. Qd2 Bd7 15. Rad1 Rc8 16. Kh1 Bg7 17. Bg5 Qb6 18. Rxf8+ Rxf8 19. e3 Na5 20. b3 Nc6 21. Na4 Qc7 22. Bf4 Qd8 23. Nc5 Bc8 24. Nd3 Bd7 25. h4 b6 26. Rc1 Qe7 27. Rc3 Rc8 28. Qc1 Qe8 29. Ne5 Nxe5 30. Bxe5 Bxe5 31. dxe5 Rc6 32. Kg1 Kg7 33. Bf1 h6 34. Bd3 Rxc3 35. Qxc3 Qf7 36. Qd4 g5 37. hxg5 hxg5 38. Qg4 Qe7 39. Qh5 Kg8 40. Kg2 Qg7 41. Kh3 Bc6 42. Kg4 Qxe5 43. Qxg5+ Qxg5+ 44. Kxg5 Kg7 45. g4 e5 46. Kf5 e4 47. Be2 Bb7 48. g5 a5 49. a3 Bc6 50. b4 axb4 51. axb4 Bb7 52. Bh5 Bc6 53. Ke5 Bb7 54. Bd1 Ba8 55. Bb3 d4 56. Kxd4 Bc6 57. Bd5 Bd7 58. Bxe4 1-0


[Site "https://www.chess.com"]

[Event "Titled Tuesday Blitz February 21 Late 2023"]
[White "Caruana, Fabiano"]
[Black "Pichot, Alan"]
[WhiteFideId "2020009"]
[BlackFideId "110973"]
[WhiteElo "2764"]
[BlackElo "2638"]
[Result "1-0"]
[Round "06"]
[TimeControl "180+2"]
[Date "2023.02.21"]
[WhiteClock "0:00:08"]
[BlackClock "0:00:01"]

1. c4 Nf6 2. Nc3 e6 3. e4 d5 4. cxd5 exd5 5. e5 Ne4 6. Nf3 Be7 7. d4 c5 8. Bd3 Nxc3 9. bxc3 Qa5 10. Bd2 c4 11. Bc2 Nc6 12. h3 O-O 13. a4 Be6 14. O-O Rab8 15. Qb1 g6 16. Qc1 Rfe8 17. Nh2 f5 18. exf6 Bxf6 19. Rb1 a6 20. Re1 b5 21. axb5 axb5 22. Bg5 Qd8 23. Nf3 Bxg5 24. Nxg5 Qf6 25. h4 Bd7 26. Rxe8+ Rxe8 27. Nf3 b4 28. Ba4 b3 29. Bxc6 Bxc6 30. Qd2 Bd7 31. Ne5 Bf5 32. Ra1 Qxh4 33. Ra7 Rb8 34. Qb2 Qe4 35. Kh2 Qf4+ 36. g3 Qh6+ 37. Kg1 Be4 38. f3 Qe3+ 39. Kg2 Bf5 40. g4 Be6 41. Nc6 Rf8 42. Ne5 Qf4 43. Ra6 Bxg4 44. fxg4 Qf1+ 45. Kg3 Qg1+ 46. Kh4 Qh1+ 47. Kg5 Kg7 48. Ra7+ Kg8 49. Qa3 h6+ 50. Kxg6 Qe4+ 51. Kh5 Qh1+ 52. Kg6 Qe4+ 53. Kxh6 Qf4+ 54. Kh5 Qh2+ 55. Kg6 Qc2+ 56. Kg5 Qd2+ 57. Kh5 Qh2+ 58. Kg6 Qc2+ 59. Kh6 Rf6+ 60. Kg5 Rg6+ 61. Nxg6 Qd2+ 62. Nf4 1-0


[Site "https://www.chess.com"]

[Event "Titled Tuesday Blitz February 21 Late 2023"]
[White "Vachier-Lagrave, Maxime"]
[Black "Yuan, Qingyu"]
[WhiteFideId "623539"]
[BlackFideId "8609772"]
[WhiteElo "2742"]
[BlackElo "2373"]
[Result "1-0"]
[Round "06"]
[TimeControl "180+2"]
[Date "2023.02.21"]
[WhiteClock "0:02:16"]
[BlackClock "0:00:32"]

1. d4 d5 2. c4 e6 3. Nc3 Be7 4. cxd5 exd5 5. Bf4 c6 6. e3 Bf5 7. g4 Be6 8. Bd3 Nd7 9. h3 h5 10. gxh5 Ngf6 11. h6 g6 12. Qc2 Nh5 13. Nge2 Nf8 14. Be5 Rxh6 15. O-O-O Bd6 16. Kb1 Qe7 17. e4 Nd7 18. exd5 cxd5 19. Bxd6 Qxd6 20. Nb5 Qb8 21. Nc7+ Kd8 22. Nxa8 Qxa8 23. Rc1 Qb8 24. Bb5 Nhf6 25. Qd2 Rh4 26. Bxd7 Kxd7 27. Qg5 Qh8 28. Qe5 Qd8 29. Nf4 Bf5+ 30. Ka1 Be4 31. Rhe1 Nh5 32. Nxd5 1-0


[Site "https://www.chess.com"]

[Event "Titled Tuesday Blitz February 21 Late 2023"]
[White "Sarana, Alexey"]
[Black "Stoyanov, Tsvetan"]
[WhiteFideId "24133795"]
[BlackFideId "2917173"]
[WhiteElo "2685"]
[BlackElo "2454"]
[Result "1-0"]
[Round "06"]
[TimeControl "180+2"]
[Date "2023.02.21"]
[WhiteClock "0:01:33"]
[BlackClock "0:00:03"]

1. d4 d5 2. c4 e5 3. dxe5 d4 4. Nf3 Nc6 5. Nbd2 Nge7 6. Nb3 Ng6 7. Nbxd4 Ncxe5 8. e3 c5 9. Nb5 a6 10. Qxd8+ Kxd8 11. Nc3 Nxf3+ 12. gxf3 Be6 13. b3 Be7 14. Bb2 Bf6 15. f4 Re8 16. Bg2 Kc7 17. O-O-O Rad8 18. Rhg1 Rxd1+ 19. Rxd1 Nh4 20. Bh1 Rd8 21. Rxd8 Bxd8 22. Nd5+ Bxd5 23. Bxd5 f6 24. Kd2 Be7 25. Kd3 Ng6 26. Ke4 Nf8 27. f5 Nd7 28. f4 b5 29. Kd3 Nb6 30. e4 Bd6 31. e5 Be7 32. Bg8 h6 33. Bc3 Nd7 34. Ke4 b4 35. Bd2 Nb6 36. Be3 a5 37. Kf3 a4 38. Kg4 a3 39. Bc1 Nd7 40. Be6 Nf8 41. Kh5 Kb6 42. Be3 Kc7 43. Bd5 Kb6 44. Bf2 Bd8 45. Bh4 Bc7 46. exf6 gxf6 47. Bg3 Bd6 48. Kxh6 Nd7 49. Kg7 Kc7 50. h4 Kd8 51. h5 Bf8+ 52. Kf7 Bh6 53. Be6 Nf8 54. Kxf6 Ke8 55. Ke5 Bg7+ 56. f6 Bh8 57. Bh4 Nh7 58. Kf5 Kf8 59. Kg6 1-0


[Site "https://www.chess.com"]

[Event "Titled Tuesday Blitz February 21 Late 2023"]
[White "Martinez Alcantara, Jose Eduardo"]
[Black "Bryakin, Mikhail"]
[WhiteFideId "3805662"]
[BlackFideId "4165314"]
[WhiteElo "2619"]
[BlackElo "2455"]
[Result "1/2-1/2"]
[Round "06"]
[TimeControl "180+2"]
[Date "2023.02.21"]
[WhiteClock "0:00:05"]
[BlackClock "0:00:04"]

1. e4 Nf6 2. e5 Nd5 3. Nc3 Nxc3 4. dxc3 d5 5. Nf3 c6 6. h3 h6 7. Bd3 c5 8. O-O Nc6 9. Re1 e6 10. a3 c4 11. Bf1 b5 12. Bf4 Bb7 13. Qd2 Bc5 14. Be3 Be7 15. Rad1 Qc7 16. Nd4 Nxd4 17. Bxd4 g6 18. Qe3 a6 19. Be2 h5 20. f4 Rc8 21. g3 Bc6 22. Rf1 Qb7 23. Rf2 a5 24. Rdf1 a4 25. g4 hxg4 26. hxg4 Kd7 27. Rh2 Rxh2 28. Kxh2 Rh8+ 29. Kg2 Qc8 30. g5 Qg8 31. Qg3 Qf8 32. Bf3 Bc5 33. Qf2 Be7 34. Kg3 Qg8 35. Bc5 Bd8 36. Bd6 Bc7 37. Qc5 Qb8 38. Bxc7 Qxc7 39. Rb1 Kc8 40. Qd4 Kd7 41. Re1 Rb8 42. Rh1 Qb6 43. Qd2 Qc5 44. Rh7 Ke7 45. Qh2 Rf8 46. Qf2 Qxf2+ 47. Kxf2 Bd7 48. Ke3 Rc8 49. Kd4 Be8 50. Bg4 Rb8 51. Rh8 Rc8 52. Bd1 Rb8 53. Rh7 Rc8 54. b3 axb3 55. cxb3 Ra8 56. bxc4 dxc4 57. Bc2 Kf8 58. Be4 Rxa3 59. Rh8+ Ke7 60. Rh7 Kf8 61. Rh8+ Ke7 62. Rh7 Kf8 1/2-1/2


[Site "https://www.chess.com"]

[Event "Titled Tuesday Blitz February 21 Late 2023"]
[White "Babazada, Khazar"]
[Black "Pakleza, Zbigniew"]
[WhiteFideId "13413554"]
[BlackFideId "1119290"]
[WhiteElo "2474"]
[BlackElo "2494"]
[Result "1-0"]
[Round "06"]
[TimeControl "180+2"]
[Date "2023.02.21"]
[WhiteClock "0:00:27"]
[BlackClock "0:00:02"]

1. Nf3 d5 2. g3 Nf6 3. Bg2 Bf5 4. O-O e6 5. d3 Be7 6. b3 h6 7. Bb2 O-O 8. Nbd2 a5 9. a3 c6 10. Re1 Bh7 11. e4 Na6 12. Qe2 Qb6 13. Ne5 Rfd8 14. d4 Nd7 15. exd5 Nxe5 16. dxe6 Ng6 17. exf7+ Kf8 18. h4 Qc7 19. h5 Nh8 20. d5 Nxf7 21. dxc6 bxc6 22. Nc4 Nc5 23. Qg4 Bf6 24. Bxf6 gxf6 25. Qf3 Kg7 26. Qg4+ Kh8 27. Qh4 Kg7 28. Qg4+ Kh8 29. Qh4 Kg7 30. Ne3 Re8 31. Rad1 Rad8 32. Qg4+ Kh8 33. Qh4 Kg7 34. Qg4+ Kh8 35. Rxd8 Rxd8 36. Qc4 Ne4 37. Bxe4 Nd6 38. Qxc6 Qxc6 39. Bxc6 Rc8 40. Bd5 Nb5 41. c4 Nxa3 42. Ra1 Nc2 43. Rxa5 Nd4 44. b4 f5 45. b5 f4 46. gxf4 Ne2+ 47. Kf1 Nxf4 48. Ra8 Bd3+ 49. Ke1 Rxa8 50. Bxa8 Kg7 51. b6 Be4 52. Bxe4 Nd3+ 53. Bxd3 1-0


[Site "https://www.chess.com"]

[Event "Titled Tuesday Blitz February 21 Late 2023"]
[White "Holt, Conrad"]
[Black "Makarian, Rudik"]
[WhiteFideId "2034387"]
[BlackFideId "44105681"]
[WhiteElo "2540"]
[BlackElo "2545"]
[Result "0-1"]
[Round "06"]
[TimeControl "180+2"]
[Date "2023.02.21"]
[WhiteClock "0:00:01"]
[BlackClock "0:00:08"]

1. d4 Nf6 2. c4 e6 3. Nc3 d5 4. cxd5 exd5 5. Bg5 Bb4 6. e3 h6 7. Bxf6 Qxf6 8. Qa4+ Nc6 9. Bb5 O-O 10. Ne2 a5 11. a3 Bxc3+ 12. bxc3 Ne7 13. O-O Bf5 14. Ng3 c6 15. Nxf5 Nxf5 16. Be2 b5 17. Qc2 a4 18. Bd3 Nd6 19. f3 Nc4 20. Bxc4 bxc4 21. Rab1 Rfb8 22. Rxb8+ Rxb8 23. Qxa4 Rb3 24. e4 Rxc3 25. Rd1 Qg5 26. h3 dxe4 27. fxe4 Rxh3 28. Re1 Qd2 29. Qd1 Qxd1 30. Rxd1 Rxa3 31. Kf2 Kf8 32. Rc1 Ra4 33. Ke3 Ke7 34. Rc3 Rb4 35. Kf4 Kf6 36. Rc2 g5+ 37. Kg4 Kg6 38. g3 h5+ 39. Kh3 f5 40. exf5+ Kxf5 41. Re2 c3 42. Re5+ Kf6 43. Rc5 Rb3 44. Rxc6+ Kf5 0-1


[Site "https://www.chess.com"]

[Event "Titled Tuesday Blitz February 21 Late 2023"]
[White "Svane, Rasmus"]
[Black "Christiansen, Johan-Sebastian"]
[WhiteFideId "4657101"]
[BlackFideId "1512668"]
[WhiteElo "2623"]
[BlackElo "2579"]
[Result "1-0"]
[Round "06"]
[TimeControl "180+2"]
[Date "2023.02.21"]
[WhiteClock "0:00:24"]
[BlackClock "0:00:02"]

1. Nf3 c5 2. c4 Nc6 3. Nc3 g6 4. e3 Bg7 5. d4 f5 6. Be2 b6 7. O-O Nf6 8. b3 O-O 9. Bb2 d6 10. Qc2 e5 11. dxe5 dxe5 12. Rad1 Qe8 13. Nd5 Nxd5 14. cxd5 Nb4 15. Qb1 e4 16. Nd2 Bxb2 17. Qxb2 Bb7 18. Nb1 Rd8 19. Nc3 Qe5 20. Bc4 Kg7 21. Qd2 a6 22. a3 Nc6 23. Na4 b5 24. Nxc5 bxc4 25. Nxb7 c3 26. Qc2 Na7 27. Nxd8 Rxd8 28. a4 Rc8 29. Rd4 Rc5 30. Rc4 Rxd5 31. Qxc3 Qxc3 32. Rxc3 Rd7 33. Rfc1 Kf6 34. Rc7 Ke6 35. Rxd7 Kxd7 36. f3 exf3 37. gxf3 Nc6 38. Kf2 Ne5 39. Ke2 Kd6 40. b4 Nc6 41. b5 axb5 42. axb5 Na5 43. b6 g5 44. Rc7 h5 45. Rg7 g4 46. b7 Nc6 47. Rg6+ 1-0


[Site "https://www.chess.com"]

[Event "Titled Tuesday Blitz February 21 Late 2023"]
[White "Sjugirov, Sanan"]
[Black "Oganian, Miran"]
[WhiteFideId "4189302"]
[BlackFideId "4122488"]
[WhiteElo "2712"]
[BlackElo "2439"]
[Result "1-0"]
[Round "06"]
[TimeControl "180+2"]
[Date "2023.02.21"]
[WhiteClock "0:00:19"]
[BlackClock "0:00:04"]

1. e4 e6 2. d4 d5 3. Nd2 Nf6 4. e5 Nfd7 5. f4 c5 6. Ngf3 Nc6 7. Nb3 Qb6 8. dxc5 Qc7 9. Be3 Na5 10. Bb5 Nxb3 11. axb3 Bxc5 12. Bxc5 Qxc5 13. Nd4 a6 14. Bxd7+ Bxd7 15. O-O Rc8 16. c3 O-O 17. b4 Qe7 18. Qd2 f6 19. Rae1 f5 20. Rf3 Ra8 21. Ra1 b6 22. Rff1 a5 23. bxa5 bxa5 24. b4 axb4 25. cxb4 Rfb8 26. Rxa8 Rxa8 27. h3 Rc8 28. Ra1 h6 29. Ra7 Qd8 30. Kh2 Rc4 31. Nb3 Be8 32. Nc5 Qb8 33. Qa2 Qxb4 34. Nxe6 Bf7 35. Ra8+ Kh7 36. Nf8+ Kg8 37. Qa6 Rc2 38. Ng6+ Kh7 39. Rh8# 1-0


[Site "https://www.chess.com"]

[Event "Titled Tuesday Blitz February 21 Late 2023"]
[White "Swiercz, Dariusz"]
[Black "Milikow, Yoav"]
[WhiteFideId "1126881"]
[BlackFideId "2822237"]
[WhiteElo "2637"]
[BlackElo "2394"]
[Result "1-0"]
[Round "06"]
[TimeControl "180+2"]
[Date "2023.02.21"]
[WhiteClock "0:00:46"]
[BlackClock "0:00:03"]

1. e3 d5 2. d4 Nf6 3. c4 e6 4. Nf3 Be7 5. b3 O-O 6. Be2 dxc4 7. bxc4 c5 8. O-O Nc6 9. Bb2 cxd4 10. Nxd4 Bd7 11. Nd2 Rc8 12. Rc1 Qc7 13. N2f3 Rfd8 14. Qc2 Na5 15. Rfd1 Be8 16. Nb3 Nc6 17. Ng5 h6 18. Bxf6 hxg5 19. Bxe7 Nxe7 20. c5 Ba4 21. Qc4 Bxb3 22. axb3 b6 23. b4 bxc5 24. bxc5 Rxd1+ 25. Bxd1 Nf5 26. g3 a5 27. Bg4 Ne7 28. Bf3 Nc6 29. Qa6 Nb4 30. Qb5 Nd5 31. Bxd5 exd5 32. c6 Qd8 33. Rc5 Qd6 34. Rxd5 Qxc6 35. Rd8+ Kh7 36. Qf5+ Kh6 37. Qxc8 1-0


[Site "https://www.chess.com"]

[Event "Titled Tuesday Blitz February 21 Late 2023"]
[White "Anton Guijarro, David"]
[Black "Koziorowicz, Michal"]
[WhiteFideId "2285525"]
[BlackFideId "21809194"]
[WhiteElo "2690"]
[BlackElo "2307"]
[Result "1-0"]
[Round "06"]
[TimeControl "180+2"]
[Date "2023.02.21"]
[WhiteClock "0:00:13"]
[BlackClock "0:00:28"]

1. e4 c5 2. Nf3 d6 3. Nc3 Nf6 4. d4 cxd4 5. Qxd4 Nc6 6. Qd3 g6 7. Nd5 Bg7 8. c3 O-O 9. Be2 b6 10. Bg5 Nd7 11. O-O Re8 12. Rfd1 Bb7 13. Qe3 Rc8 14. h3 Nce5 15. Nd2 Nc5 16. a4 Ne6 17. Bh4 Nc7 18. Nb4 Nc6 19. Nxc6 Bxc6 20. a5 Ne6 21. axb6 Qxb6 22. Qxb6 axb6 23. Ra7 Kf8 24. f3 Ra8 25. Rda1 Bh6 26. Bxe7+ Kg7 27. Rxa8 Bxa8 28. Nc4 d5 29. Nd6 Rxe7 30. Rxa8 dxe4 31. fxe4 Nc5 32. Bf3 Bf4 33. Ne8+ Kh6 34. Nf6 Nd3 35. Ng8+ 1-0


[Site "https://www.chess.com"]

[Event "Titled Tuesday Blitz February 21 Late 2023"]
[White "KhalilMousavi98"]
[Black "Horvath, Dominik"]
[BlackFideId "1642561"]
[WhiteElo "2871"]
[BlackElo "2523"]
[Result "1-0"]
[Round "06"]
[TimeControl "180+2"]
[Date "2023.02.21"]
[WhiteClock "0:00:49"]
[BlackClock "0:01:02"]

1. e4 e5 2. Nf3 Nc6 3. Bb5 a6 4. Ba4 Nf6 5. Nc3 b5 6. Bb3 Bc5 7. d3 h6 8. a3 d6 9. Nd5 Rb8 10. c3 O-O 11. O-O Ba7 12. a4 b4 13. Be3 Bxe3 14. fxe3 Nxd5 15. Bxd5 Ne7 16. Bc4 a5 17. Nd2 Ng6 18. Qh5 Qg5 19. Qxg5 hxg5 20. Nf3 g4 21. Ng5 Nh8 22. Nxf7 Nxf7 23. Rxf7 Rxf7 24. Rf1 bxc3 25. bxc3 Kh7 26. Rxf7 Rb7 27. Kf2 Kg6 28. Kg3 c5 29. Rxb7 Bxb7 30. Kxg4 Bc6 31. Bb5 Bxb5 32. axb5 a4 33. b6 a3 34. b7 a2 35. b8=Q a1=Q 36. Qxd6+ Kh7 37. Qxe5 Qd1+ 38. Kh3 Qxd3 39. Qh5+ Kg8 40. Qd5+ 1-0


[Site "https://www.chess.com"]

[Event "Titled Tuesday Blitz February 21 Late 2023"]
[White "Chigaev, Maksim"]
[Black "Javakhadze, Zurab"]
[WhiteFideId "4108116"]
[BlackFideId "13603647"]
[WhiteElo "2628"]
[BlackElo "2459"]
[Result "1-0"]
[Round "06"]
[TimeControl "180+2"]
[Date "2023.02.21"]
[WhiteClock "0:01:10"]
[BlackClock "0:00:35"]

1. Nf3 d5 2. c4 e6 3. g3 Nf6 4. Bg2 Be7 5. O-O O-O 6. b3 b6 7. d4 Bb7 8. Nc3 Nbd7 9. Bb2 c5 10. Ne1 Rc8 11. Rc1 Ba8 12. cxd5 exd5 13. dxc5 Nxc5 14. Nb5 a6 15. Nd4 Nce4 16. Nd3 Re8 17. Rxc8 Qxc8 18. Qa1 Bf8 19. Rc1 Qd7 20. e3 h5 21. Rc2 h4 22. Qf1 hxg3 23. hxg3 Bb7 24. Nf4 Nc5 25. Qd1 Nfe4 26. Ba1 Qe7 27. b4 Ne6 28. Ndxe6 fxe6 29. a3 Qf7 30. Be5 Bd6 31. Bxe4 Bxe5 32. Bg6 Qd7 33. Qh5 Rc8 34. Qxe5 1-0


[Site "https://www.chess.com"]

[Event "Titled Tuesday Blitz February 21 Late 2023"]
[White "Costachi, Mihnea"]
[Black "Ibarra Jerez, Jose Carlos"]
[WhiteFideId "1217518"]
[BlackFideId "2226332"]
[WhiteElo "2476"]
[BlackElo "2563"]
[Result "0-1"]
[Round "06"]
[TimeControl "180+2"]
[Date "2023.02.21"]
[WhiteClock "0:00:04"]
[BlackClock "0:00:04"]

1. Nc3 d5 2. d4 Nf6 3. Bf4 c5 4. e3 cxd4 5. exd4 Bg4 6. Be2 Bxe2 7. Qxe2 a6 8. Nf3 e6 9. O-O Nc6 10. Qe3 Rc8 11. Ne2 Nb4 12. Qb3 b5 13. a4 Be7 14. axb5 axb5 15. c3 Nc6 16. Qxb5 O-O 17. Ra6 Nb8 18. Ra7 Nc6 19. Rb7 Ne4 20. Nd2 Nxd2 21. Bxd2 Bd6 22. Bf4 Bxf4 23. Nxf4 Na5 24. Ra7 Nc4 25. Nd3 Rb8 26. Qd7 Qxd7 27. Rxd7 Nxb2 28. Ne5 Na4 29. c4 Nb6 30. Rc7 dxc4 31. Nxc4 Nd5 32. Rc5 Nc3 33. Kh1 Rbd8 34. Ne3 Ne4 35. Rc7 Rxd4 36. f3 Nf6 37. Rfc1 Rd3 38. Nf1 Rfd8 39. Rc8 g6 40. Rxd8+ Rxd8 41. Kg1 Ra8 42. Kf2 Ra2+ 43. Kg1 Nd5 44. Rd1 Kg7 45. Rd2 Ra1 46. Kf2 g5 47. g3 Ra3 48. Re2 Nf6 49. Ne3 h5 50. h3 Rc3 51. Rd2 Kg6 52. Re2 h4 53. gxh4 gxh4 54. Ng2 Nh5 55. Nxh4+ Kg5 56. Ng2 Kf6 57. Rd2 Ng7 58. Ne3 Ra3 59. Re2 Nh5 60. Ng2 e5 61. Rd2 Kg5 62. Re2 f6 63. Rd2 Nf4 64. Nxf4 Kxf4 65. Kg2 Rxf3 66. Rd6 Rg3+ 67. Kh2 Rg6 68. Rd2 e4 69. h4 e3 70. Ra2 Kf3 71. Kh3 Rg1 72. Ra1 Rxa1 73. Kh2 Ra2+ 0-1


[Site "https://www.chess.com"]

[Event "Titled Tuesday Blitz February 21 Late 2023"]
[White "Livaic, Leon"]
[Black "Rorrer, Grayson"]
[WhiteFideId "14531534"]
[BlackFideId "30944996"]
[WhiteElo "2579"]
[BlackElo "2263"]
[Result "1-0"]
[Round "06"]
[TimeControl "180+2"]
[Date "2023.02.21"]
[WhiteClock "0:00:07"]
[BlackClock "0:00:01"]

1. d4 Nf6 2. Bf4 g6 3. Nc3 d5 4. e3 Bg7 5. h4 h5 6. Nf3 Bg4 7. Be2 c5 8. Ne5 Bxe2 9. Qxe2 Nbd7 10. f3 Qb6 11. O-O-O e6 12. g4 Rc8 13. g5 Ng8 14. Qb5 Bxe5 15. Bxe5 Rh7 16. Qxb6 axb6 17. Nb5 Ke7 18. Rhe1 f5 19. Bd6+ Kd8 20. e4 dxe4 21. fxe4 Ne7 22. d5 exd5 23. exd5 Nf8 24. Re3 Kd7 25. c4 Re8 26. Rde1 Rf7 27. Bf4 Ra8 28. a3 Nc8 29. Re8 Nh7 30. Rh8 Nf8 31. Rg8 Ne7 32. Rh8 Rh7 33. Rxh7 Nxh7 34. Nc7 Rc8 35. Re6 Nf8 36. Rf6 1-0


[Site "https://www.chess.com"]